 Seeded DCSS version 0.30.1-4-g462c640d31 (webtiles) character file.

Game seed: 15660985446129201502 (custom seed)

24 AccursedSamuel the Poker (level 3, 23/23 HPs)
             Began as a Tengu Monk on Sept 12, 2023.
             Quit the game on level 1 of the Dungeon.
             The game lasted 00:01:22 (861 turns).

AccursedSamuel the Poker (Tengu Monk)                Turns: 861, Time: 00:01:23

Health: 23/23      AC:  2    Str: 13    XL:     3   Next: 2%
Magic:  4/4        EV: 13    Int: 10    God:
Gold:   172        SH:  0    Dex: 16    Spells: 2/2 levels left

rFire   . . .        a - +0 spear
rCold   . . .        d - orb {light}
rNeg    . . .        b - +0 robe
rPois   .            (helmet restricted)
rElec   .            (no cloak)
rCorr   .            (no gloves)
SInv    .            (boots unavailable)
Will    .....        (no amulet)
Stlth   +            (no ring)
HPRegen 0.23/turn    (no ring)
MPRegen 0.09/turn

%: no passive effects
@: confused, ambrosia-drunk, glowing
A: beak, talons 3
a: no special abilities


You were on level 1 of the Dungeon.
You visited 1 branch of the dungeon, and saw 1 of its levels.

You collected 172 gold pieces.

Inventory:

Hand Weapons
 a - a +0 spear (weapon)
Armour
 b - a +0 robe (worn)
 d - an orb of light (worn)
Scrolls
 f - a scroll of acquirement
 g - a scroll of teleportation {unknown}
Potions
 e - a potion of curing {unknown}


   Skills:
 + Level 3.3 Fighting
 + Level 3.8 Polearms
 + Level 3.6 Dodging


You had 2 spell levels left.
You didn't know any spells.
Your spell library was empty.

Dungeon Overview and Level Annotations

Branches:
Dungeon (1/15)

Altars:


Innate Abilities, Weirdness & Mutations

You have a beak for a mouth.
You have claws for feet.


Message History

You now have 116 gold pieces (gained 17).
You now have 121 gold pieces (gained 5).
You now have 132 gold pieces (gained 11).
You now have 134 gold pieces (gained 2).
You now have 141 gold pieces (gained 7).
You now have 149 gold pieces (gained 8).
A ball python comes into view.
The ball python hisses angrily.
A ball python is nearby!
You hit the ball python. You peck the ball python.
The ball python is severely wounded.
The ball python misses you. x2
You hit the ball python.
You kill the ball python!
You have reached level 3!
Your experience leads to an increase in your attributes!
Increase (S)trength, (I)ntelligence, or (D)exterity?
You feel stronger. x2
There is a stone staircase leading down here.
A ball python comes into view.
The ball python hisses angrily.
A ball python is nearby!
A ball python is nearby!
The ball python completely misses you. The ball python misses you.
You hit the ball python. You claw the ball python.
You kill the ball python!
You see here a ball python corpse.
You see here a rat skeleton.
You now have 159 gold pieces (gained 10).
You now have 172 gold pieces (gained 13).
Done exploring.
Done exploring.
Done exploring.
This is a scroll of acquirement!
Are you sure you want to abandon this character and quit the game? (Confirm with "yes".)
Okay, then.
Okay, then.
You are confused.
You feel invigorated.
Are you sure you want to abandon this character and quit the game? (Confirm with "yes".)

##.#.######.#####
#.#.........# #
##...######## # ##.## #
#.#############
#.............#
########..##########.#
#######...).....# #.#
#.......)..@.##.##########).
#.####......................
#.# #..###...>..[.#........
#.####..# #..##.##########.#
#.......###..##.# #.#
#.####.......##.##########.#
#.# ##......##............#
#.# ##.......#############.#
#.###.........# ####.#


There were no monsters in sight!

Vanquished Creatures
  2 ball pythons (D:1)
  2 bats (D:1)
  An endoplasm (D:1)
  3 goblins (D:1)
  3 hobgoblins (D:1)
  3 kobolds (D:1)
  2 quokkas (D:1)
  3 frilled lizards (D:1)
  4 rats (D:1)
23 creatures vanquished.

Notes
Turn   | Place    | Note
-------+----------+-------------------------------------------
     0 | D:1      | AccursedSamuel the Tengu Monk began the quest for the Orb.
     0 | D:1      | Reached XP level 1. HP: 14/14 MP: 2/2
   171 | D:1      | Reached XP level 2. HP: 19/19 MP: 3/3
   492 | D:1      | Reached XP level 3. HP: 23/23 MP: 4/4
   859 | D:1      | Identified a scroll of acquirement
   861 | D:1      | Quit the game

Illustrated notes

Levels and vault maps discovered:
D:1:      minmay_arrival_pointy, layout_loops_ring, minmay_gold_behind_fungi

Action                     || total
---------------------------++-------
  Melee: Spear             ||    39
         Peck              ||     4
         Kick              ||     4
    Use: Potion            ||     1
 Armour: Robe              ||     9
  Dodge: Dodged            ||    35
